 Dungeon Crawl Stone Soup version 0.32-a0-652-g5f7579b (webtiles) character file.

Game seed: 590853946285189759

11716 staltz the Martial Artist (level 12, -8/87 HPs)
             Began as a Djinni Shapeshifter on Mar 7, 2024.
             Was an Initiate of Ashenzari.
             Killed from afar by an acid dragon (19 damage)
             ... with a splash of acid
             ... on level 11 of the Dungeon on Mar 8, 2024.
             The game lasted 00:38:10 (11883 turns).

staltz the Martial Artist (Djinni Shapeshifter)    Turns: 11883, Time: 00:38:11

Health: -8/87      AC: -6    Str: 21    XL:     12   Next: 11%
Gold:   1621       EV: 18    Int: 12    God:    Ashenzari [......] SH:  0 Dex: 16

rFire   + +          .
                       - Unarmed
rCold   x . .        (no shield)
rNeg    . . .        m - +1 robe of Vines {NoPotionHeal Regen++++}
rPois   ∞            u - +1 helmet
rElec   .            E - +0 cloak
rCorr   .            (no gloves)
SInv    .            (boots unavailable)
Will    +....        (no amulet)
Stlth   +++          o - ring "Share My Optimism" {Str+6, Dev, Self} (curse)
HPRegen 3.54/turn    (no ring)
MPRegen 0.00/turn

%: infuse magic (-9 HP)
@: corroded, flying
A: sickness immunity, fire resistance 2, cold vulnerability 1, float, innate
caster, HP casting, extra vitality 1
a: Renounce Religion, Curse Item, Shatter the Chains


You were on level 11 of the Dungeon.
You worshipped Ashenzari.
Ashenzari was noncommittal.
You visited 2 branches of the dungeon, and saw 12 of its levels.
You also visited: Sewer and Bailey.

You collected 1621 gold pieces.

Inventory:

Missiles
 i - 28 poisoned darts (quivered)
 w - 2 darts of dispersal
 y - 3 boomerangs
 I - 2 curare-tipped darts
Armour
 a - a +0 animal skin
 h - a +0 ring mail
 m - the +1 robe of Vines (worn) {NoPotionHeal Regen++++}
   (You found it on level 3 of the Dungeon)

   NoPotionHeal: Its wearer cannot be healed by potions.
   Regen++++: It increases your rate of health regeneration.
 u - a +1 helmet (worn)
 E - a +0 cloak (worn)
Jewellery
 o - the cursed ring "Share My Optimism" (left hand) {Str+6, Dev, Self}
   (You found it on level 2 of the Dungeon)

   [ring of strength]

   Str+6:     It affects your strength (+6).
   It has a curse which improves the following skills: Devices: Evocations and
   Shapeshifting.
   Introspection: Fighting and Spellcasting.
Talismans
 c - a beast talisman
 d - a flux talisman
 q - a maw talisman
Wands
 b - a wand of iceblast (11)
 s - a wand of charming (23)
 A - a wand of polymorph (19)
 G - a wand of digging (1)
 L - a wand of flame (18)
 M - a wand of quicksilver (7)
Scrolls
 e - 3 scrolls of fear
 n - 4 scrolls of brand weapon
 v - 2 scrolls of blinking
 z - a scroll of immolation
 D - 2 scrolls of identify
Potions
 f - 4 potions of magic
 g - 2 potions of cancellation {unknown}
 j - 2 potions of heal wounds {unknown}
 k - 5 potions of enlightenment
 l - a potion of resistance
 p - 2 potions of haste
 r - a potion of invisibility {unknown}
 t - 2 potions of brilliance {unknown}
 x - a potion of berserk rage {unknown}
 B - 3 potions of curing
 F - 2 potions of mutation {unknown}
 J - a potion of ambrosia {unknown}
 K - a potion of attraction {unknown}
 N - a potion of lignification


   Skills:
 * Level 7.8(8.2) Fighting
 - Level 0.1 Throwing
 * Level 10.9 Dodging
 + Level 3.5 Stealth
 + Level 11.3 Unarmed Combat
 * Level 4.5(4.9) Spellcasting
 * Level 4.5 Conjurations
 * Level 4.5 Hexes
 * Level 4.5 Summonings
 * Level 4.5 Necromancy
 * Level 4.5 Translocations
 * Level 4.5 Fire Magic
 * Level 4.5 Ice Magic
 * Level 4.5 Air Magic
 * Level 4.5 Earth Magic
 * Level 4.5 Alchemy
 * Level 2.4(2.8) Evocations
 + Level 3.5(3.9) Shapeshifting


You knew the following spells:

 Your Spells              Type           Power      Damage    Failure   Level
a - Necrotise             Necr           52%        1d6       3%          1
b - Call Imp              Summ           26%        N/A       4%          2
c - Scorch                Fire           26%        2d6       4%          2
d - Gell's Gravitas       Tloc           13%        N/A       10%         3
e - Martyr's Knell        Necr/Summ      13%        N/A       32%         4
Your spell library was empty.

Dungeon Overview and Level Annotations

Branches:
Dungeon (11/15)            Temple (1/1) D:4            Lair (0/5) D:9
    Orc (0/2) D:10          Sewer (visited)          Bailey (visited)

Altars:
Ashenzari
Cheibriados
Dithmenos
Elyvilon
Fedhas
Gozag
Hepliaklqana
Makhleb
Nemelex Xobeh
Okawaru
Qazlal
Ru
Trog
Uskayaw
Wu Jian
Xom
Yredelemnul
Zin
The Shining One

Shops:
D:1 (   D:4 (   D:8 :

Annotations:
D:2 1 runed translucent door, Crazy Yiuf


Innate Abilities, Weirdness & Mutations

You are immune to sickness and miasma.
You are immune to poison.
Your flesh is very heat resistant. (rF++)
You are vulnerable to cold. (rC-)
You float through the air rather than walking.
You learn spells naturally, not from books.
Your magical power is your life essence.
You have superior vitality. (+4 MHP)


Message History

The centaur shouts!
You hear a shout! x2
The centaur wields a +0 orcbow.
The centaur shoots an arrow.
The arrow closely misses you.
The centaur shoots an arrow.
The arrow closely misses you.
A centaur comes into view.
The acid dragon spits acid at you. The splash of acid hits you!!
The acid corrodes you!
You hear a shout! x2
Ashenzari invites you to partake of a vision and a curse of companions and beguiling.
Unknown command.
You hear a shout!
The centaur shoots an arrow.
The arrow closely misses you.
The centaur wields a +0 shortbow.
The centaur shoots an arrow.
The arrow completely misses you.
The centaur shoots an arrow.
The arrow hits you!
An orc priest comes into view. It is wielding a +0 club.
The acid dragon attacks as it pursues you!
The acid dragon bites you. The acid dragon claws you.
Unknown command.
The acid dragon attacks as it pursues you!
The acid dragon barely misses you. The acid dragon closely misses you.
Unknown command.
The centaur shoots an arrow.
The arrow closely misses you.
The centaur shoots an arrow.
The arrow barely misses you.
The centaur shoots an arrow.
The arrow closely misses you.
You hear a shout!
Found a runed sling.
The acid dragon spits acid at you. The splash of acid hits you!!
The acid corrodes you!
Found a stone staircase leading down.
The acid dragon spits acid at you. The splash of acid hits you!!
* * * LOW HITPOINT WARNING * * *
The acid corrodes you!
The centaur shoots an arrow.
The arrow hits you!
* * * LOW HITPOINT WARNING * * *
The acid dragon spits acid at you. The splash of acid hits you!!
You die...

.. ###..###..........#
...###.....#....###.#..#
..c..c.###.#.....##.####
..##.......cc..........#
........####D........###
........####.........#.#
........##.............#
.........)..........####
.....##........@....##.#
....##.................#########
...# ##....#........#...#.......
... ......##.......#..###......
.# ......###.####.....##......
...... .... #..<...##..... ...
.... #...>.........
...>................
.................#


You could see an acid dragon (catching breath) and 2 centaurs.

Vanquished Creatures
  A two-headed ogre (D:9)
  Erica (D:9)
  Pikel (D:5)
  2 orc sorcerers (Bailey)
  A cyclops (D:8)
  Maurice (D:9)
  A gargoyle (D:10)
  A troll (D:9)
  2 hornets
  Grinder (D:5)
  Sigmund (D:6)
  2 shadows
  11 yaks
  A wraith (D:10)
  An acid dragon (D:9)
  2 water moccasins
  17 orc warriors
  2 nameless horrors
  3 ice beasts
  2 sky beasts (D:8)
  A centaur (D:9)
  A lemure (D:5)
  3 kobold brigands (D:8)
  Blork the orc (D:4)
  2 bullfrogs
  2 scorpions
  3 wights (D:8)
  10 killer bees
  7 electric eels
  3 howler monkeys (D:10)
  2 bombardier beetles
  7 orc priests
  A hound (D:4)
  4 jellies
  4 sleepcaps
  4 iguanas
  6 orc wizards
  Terence (D:3)
  Robin (D:3)
  11 gnolls
  6 adders
  3 ufetubi
  2 ribbon worms (D:2)
  27 orcs
  2 bats (D:2)
  2 endoplasms
  8 giant cockroaches
  11 hobgoblins
  A jackal (D:5)
  4 quokkas
  11 ball pythons
  6 frilled lizards
  18 goblins
  18 kobolds
  7 rats
254 creatures vanquished.

Vanquished Creatures (collateral kills)
  An ogre (D:7)
  A gnoll sergeant (D:9)
  A gnoll (D:9)
3 creatures vanquished.

Vanquished Creatures (others)
  An orc wizard (D:8)
1 creature vanquished.

Grand Total: 258 creatures vanquished

Notes
Turn   | Place    | Note
-------+----------+-------------------------------------------
     0 | D:1      | staltz the Djinni Shapeshifter began the quest for the Orb.
     0 | D:1      | Reached XP level 1. HP: 17/17 MP: 0/0
   125 | D:1      | Reached XP level 2. HP: 22/22 MP: 0/0
   321 | D:1      | Found Negecsih's Antique Weapon Shoppe.
   758 | D:2      | Found a faded altar of an unknown god.
   806 | D:2      | Found a runed translucent door.
   807 | D:2      | Noticed Crazy Yiuf
   903 | D:2      | Reached XP level 3. HP: 27/27 MP: 0/0
   903 | D:2      | Learned a level 1 spell: Necrotise
  1950 | D:3      | Found the +1 robe of Vines {NoPotionHeal Regen++++}
  2015 | D:3      | Reached XP level 4. HP: 32/32 MP: 0/0
  2075 | D:3      | Found a white marble altar of Elyvilon.
  2103 | D:3      | Found a glowing drain.
  2110 | D:3      | Reached skill level 4 in Unarmed Combat
  2118 | Sewer    | Entered a sewer
  2162 | Sewer    | Noticed a brain worm
  2163 | Sewer    | Noticed Pargi
  2388 | D:3      | Reached XP level 5. HP: 37/37 MP: 0/0
  2388 | D:3      | Learned a level 2 spell: Call Imp
  2826 | D:3      | Noticed Terence
  2849 | D:3      | Killed Terence
  2998 | D:3      | Found a snail-covered altar of Cheibriados.
  2998 | D:3      | Found a shadowy altar of Dithmenos.
  3007 | D:3      | Found a faded altar of an unknown god.
  3009 | D:3      | Found a glowing golden altar of the Shining One.
  3011 | D:3      | Found an iron altar of Okawaru.
  3252 | D:4      | Noticed Robin
  3252 | D:4      | Found Abustos's Antique Weapon Shop.
  3272 | D:3      | Reached XP level 6. HP: 23/42 MP: 0/0
  3516 | D:3      | Killed Robin
  3655 | D:4      | Reached skill level 1 in Stealth
  3655 | D:4      | Reached skill level 5 in Unarmed Combat
  3809 | D:4      | Noticed Blork the orc
  3835 | D:4      | Killed Blork the orc
  3836 | D:4      | Reached skill level 1 in Spellcasting
  3836 | D:4      | Reached skill level 1 in Conjurations
  3836 | D:4      | Reached skill level 1 in Hexes
  3836 | D:4      | Reached skill level 1 in Summonings
  3836 | D:4      | Reached skill level 1 in Necromancy
  3836 | D:4      | Reached skill level 1 in Translocations
  3836 | D:4      | Reached skill level 1 in Fire Magic
  3836 | D:4      | Reached skill level 1 in Ice Magic
  3836 | D:4      | Reached skill level 1 in Air Magic
  3836 | D:4      | Reached skill level 1 in Earth Magic
  3836 | D:4      | Reached skill level 1 in Alchemy
  3836 | D:4      | Reached XP level 7. HP: 29/48 MP: 0/0
  3836 | D:4      | Learned a level 2 spell: Scorch
  3860 | D:4      | Found a staircase to the Ecumenical Temple.
  3881 | Temple   | Entered the Ecumenical Temple
  3904 | Temple   | Became a worshipper of Ashenzari the Shackled
  4090 | D:5      | Entered Level 5 of the Dungeon
  4336 | D:5      | Noticed Grinder
  4351 | D:5      | Killed Grinder
  4533 | D:5      | Noticed a water moccasin
  4558 | D:5      | Killed a water moccasin
  4559 | D:5      | Reached skill level 6 in Unarmed Combat
  4559 | D:5      | Reached XP level 8. HP: 55/55 MP: 0/0
  4767 | D:5      | Noticed Pikel
  4800 | D:5      | Killed Pikel
  4801 | D:5      | Reached skill level 5 in Dodging
  4890 | D:5      | Reached skill level 7 in Unarmed Combat
  5077 | D:6      | Noticed Sigmund
  5132 | D:6      | Reached XP level 9. HP: 55/61 MP: 0/0
  5132 | D:6      | Learned a level 3 spell: Gell's Gravitas
  5133 | D:6      | Killed Sigmund
  6029 | D:7      | Noticed a hornet
  6065 | D:7      | Killed a hornet
  6066 | D:7      | Reached skill level 8 in Unarmed Combat
  6134 | D:7      | Found an opulent altar of Gozag.
  6497 | D:7      | Found a glowing silver altar of Zin.
  6552 | D:8      | Reached skill level 5 in Fighting
  6628 | D:8      | Noticed a cyclops
  6706 | D:8      | Reached XP level 10. HP: 70/70 MP: 0/0
  7466 | D:8      | Found Wuilouq's Book Boutique.
  7664 | D:8      | Upgraded the game from 0.32-a0-643-ga006e77 to
                  | 0.32-a0-652-g5f7579b
  8012 | D:8      | Killed a cyclops
  8275 | D:9      | Reached skill level 9 in Unarmed Combat
  8302 | D:9      | Found a staircase to the Lair.
  8333 | D:9      | Noticed a two-headed ogre
  8378 | D:9      | Killed a two-headed ogre
  8379 | D:9      | Reached XP level 11. HP: 72/79 MP: 0/0
  8379 | D:9      | Learned a level 4 spell: Martyr's Knell
  8735 | D:9      | Found a sacrificial altar of Ru.
  8749 | D:9      | Noticed Erica
  9416 | D:9      | Noticed Maurice
  9453 | D:9      | Something stole a flux talisman
  9458 | D:9      | Something stole 529 gold
  9460 | D:9      | Something stole 134 gold
  9464 | D:9      | Killed Maurice
  9629 | D:9      | Killed Erica
  9630 | D:9      | Reached skill level 10 in Dodging
  9630 | D:9      | Reached skill level 10 in Unarmed Combat
  9711 | D:10     | Entered Level 10 of the Dungeon
  9894 | D:10     | Found a flagged portal.
  9996 | Bailey   | Entered a bailey
 10337 | Bailey   | Noticed an orc sorcerer
 10362 | Bailey   | Killed an orc sorcerer
 10373 | Bailey   | Found an iron altar of Okawaru.
 10421 | Bailey   | Noticed an orc sorcerer
 10445 | Bailey   | Killed an orc sorcerer
 10446 | Bailey   | Reached skill level 1 in Evocations
 10731 | Bailey   | Acquired 821 gold pieces
 11087 | D:10     | Reached skill level 11 in Unarmed Combat
 11099 | D:10     | Found a staircase to the Orcish Mines.
 11471 | D:10     | Reached XP level 12. HP: 66/86 MP: 0/0
 11883 | D:11     | Killed from afar by an acid dragon

Illustrated notes

Levels and vault maps discovered:
D:1:      dpeg_arrival_solitude, layout_rooms, serial_shops,
          nicolae_shop_rolling_square, minmay_fountain_box, st_stairs_8
D:2:      layout_basic, ebering_ecumenical_altar_rust, uniq_crazy_yiuf_cottage
D:3:      layout_loops_ring, mainiacjoe_overflow_concentric_impassable,
          nicolae_overflow_hidden_temple, chequers_temple_overflow_minitemple,
          portal_sewer_entry_d, grunt_decor_mini_mirrors, uniq_terence
D:4:      layout_cave_pools, minmay_temple_entry_slanted, serial_shops,
          nicolae_shop_tiny_statue_garden, nicolae_titane, uniq_blork_the_orc,
          uniq_robin
D:5:      layout_loops_corners, st_stairs_6, dreamdust_wishing_well,
          kennysheep_generic_room_11, uniq_pikel, uniq_grinder
D:6:      layout_layer_cave, st_stairs_2, uniq_sigmund
D:7:      layout_basic, pdpol_temple_overflow_zin_treasury_gozag_greed
D:8:      layout_loops_corners, serial_shops, shop, grunt_ministairs_2,
          nicolae_elevator_lobby_plus
D:9:      layout_basic, nicolae_ru_path_of_blood, lair_entry_dummy, uniq_erica,
          uniq_maurice
D:10:     layout_irregular_city, erik_orc_2, enter_bailey_8
D:11:     layout_cave_pools, minmay_misc_feat_cross, abandoned_shop,
          lightli_elemental_guards
Temple:   nicolae_temple_bog_church

Skill      XL: |  1  2  3  4  5  6  7  8  9 10 11 |
---------------+----------------------------------+-----
Shapeshifting  | 3 |  3.5
Unarmed Combat | 4 5 6 7 8 9 11 | 11.3
Dodging        | 3 4 6 7 9 10 | 10.9
Stealth        | 1 2 3 |  3.5
Spellcasting   | 1 2 3 4 |  4.5
Conjurations   | 1 2 3 4 |  4.5
Hexes          | 1 2 3 4 |  4.5
Summonings     | 1 2 3 4 |  4.5
Necromancy     | 1 2 3 4 |  4.5
Translocations | 1 2 3 4 |  4.5
Fire Magic     | 1 2 3 4 |  4.5
Ice Magic      | 1 2 3 4 |  4.5
Air Magic      | 1 2 3 4 |  4.5
Earth Magic    | 1 2 3 4 |  4.5
Alchemy        | 1 2 3 4 |  4.5
Fighting       | 2 3 5 6 7 |  7.8
Evocations     | 2 |  2.4
Throwing       | |  0.1

Action                     |  1- 3 |  4- 6 |  7- 9 | 10-12 || total
---------------------------+-------+-------+-------+-------++-------
  Melee: Unarmed           |   123 |   158 |   164 |   559 ||  1004
         Punch             |     2 |     7 |    13 |    33 ||    55
  Throw: Dart              |     4 |    44 |    14 |    34 ||    96
   Cast: Call Imp          |       |       |    14 |    20 ||    34
         Scorch            |       |       |    37 |    19 ||    56
         Necrotise         |       |       |    10 |    18 ||    28
         Gell's Gravitas   |       |       |     3 |     4 ||     7
         Martyr's Knell    |       |       |       |     6 ||     6
 Invoke: Curse Item        |       |       |       |     1 ||     1
  Evoke: Wand              |       |       |     1 |     3 ||     4
    Use: Scroll            |     6 |       |     2 |     7 ||    15
         Potion            |       |     4 |       |       ||     4
   Stab: Sleeping          |     1 |     1 |     2 |     8 ||    12
         Distracted        |       |       |     1 |     1 ||     2
 Armour: Animal skin       |    48 |       |       |       ||    48
         Robe              |     4 |   128 |   145 |   326 ||   603
         Skin              |       |    18 |       |       ||    18
  Dodge: Dodged            |    65 |   112 |   168 |   449 ||   794
         Form:             |       |     1 |       |       ||     1

Table legend: (Time is in decaauts)
 A = Elapsed time spent in this place.
 B = Non-inter-level travel time spent in this place.
 C = Inter-level travel time spent in this place.
 D = Time resting spent in this place.
 E = Time spent auto-exploring this place.
 F = Levels seen in this place.
 G = Mean time per level.
                   A        B        C        D        E       F      G
               +--------+--------+--------+--------+--------+-----+--------+
         Total |  11756 |  11251 |    505 |   1251 |   6575 |  14 |  839.7 |
       Dungeon |  10820 |  10332 |    488 |   1054 |   6345 |  11 |  983.6 |
        Temple |     41 |     24 |     17 |      0 |      0 |   1 |   41.0 |
         Sewer |    170 |    170 |      0 |      0 |     15 |   1 |  170.0 |
        Bailey |    722 |    722 |      0 |    197 |    215 |   1 |  722.0 |
               +--------+--------+--------+--------+--------+-----+--------+

Top non-repeatable levels by time:
     D:9: 1787 daAuts
     D:8: 1513 daAuts
     D:3: 1427 daAuts
     D:2: 1184 daAuts
    D:10: 1114 daAuts
     D:5: 972 daAuts
     D:6: 777 daAuts
     D:4: 723 daAuts
  Bailey: 722 daAuts
     D:7: 675 daAuts
     D:1: 524 daAuts
   Sewer: 170 daAuts
    D:11: 120 daAuts
  Temple: 41 daAuts
